 Dungeon Crawl Stone Soup version 0.19.1 (webtiles) character file.

16 Slime the Ducker (level 2, -1/11 HPs)
             Began as a Felid Air Elementalist on Dec 24, 2016.
             Slain by a hobgoblin
             ... wielding a +0 club
              (5 damage)
             ... on level 1 of the Dungeon.
             The game lasted 00:01:26 (339 turns).

Slime the Ducker (Felid Air Elementalist)            Turns: 339, Time: 00:01:27

Health: -1/11      AC:  1    Str:  4    XL:     2   Next: 37%
Magic:  1/6        EV: 18    Int: 16    God:
Gold:   0          SH:  0    Dex: 16    Spells: 2 memorised, 2 levels left
                                        Lives:  0   Deaths: 0

rFire  . . .     SeeInvis +     (weapon unavailable)
rCold  . . .     Gourm    .     (armour unavailable)
rNeg   . . .     Faith    .     (shield unavailable)
rPois  .         Spirit   .     (helmet unavailable)
rElec  .         Reflect  .     (cloak unavailable)
rCorr  .         Harm     .     (gloves unavailable)
MR     .....                    (boots unavailable)
Stlth  +++.......               (no amulet)
                                (no ring)
                                (no ring)

@: very slightly contaminated, quick
A: no armour, no weapons or thrown items, stealth, claws 1, fangs 3, see
invisible, carnivore 3, speed 1, shaggy fur 1, slow metabolism 1, sharp paws
a: no special abilities


You were on level 1 of the Dungeon.
You were not hungry.

You visited 1 branch of the dungeon, and saw 1 of its levels.

Inventory:

Books
 a - a book of Air

   Spells                             Type                      Level
   a - Shock                          Conjuration/Air              1
   b - Swiftness                      Charms/Air                   2
   c - Repel Missiles                 Charms/Air                   2
   d - Static Discharge               Conjuration/Air              3
   e - Lightning Bolt                 Conjuration/Air              5
Comestibles
 b - a meat ration


   Skills:
 - Level 3.0 Dodging
 - Level 2.8 Stealth
 - Level 2.1 Spellcasting
 * Level 1.3 Conjurations
 - Level 2.9 Air Magic


You had 2 spell levels left.
You knew the following spells:

 Your Spells              Type           Power        Failure   Level  Hunger
a - Shock                 Conj/Air       #...         10%         1    #......
b - Swiftness             Chrm/Air       #.......     17%         2    ###....


Dungeon Overview and Level Annotations

Branches:
Dungeon (1/15)

Altars:


Innate Abilities, Weirdness & Mutations

You cannot wear armour.
You are incapable of wielding weapons or throwing items.
Your paws allow you to move quietly. (Stealth)
You have sharp claws.
You have razor-sharp teeth.
You have supernaturally acute eyesight. (SInv)
You are carnivorous and can eat meat at any time.
You cover ground quickly.
You are covered in fur. (AC +1)
You have a slow metabolism.
Your sharp claws are effective at attacking unaware monsters.


Message History

You miscast Shock.
Nothing appears to happen.
The hobgoblin misses you.
Casting: Shock
Confirm with . or Enter, or press ? or * to list all spells.
Aiming: Shock
Press: ? - help, Shift-Dir - straight line, f/p - hobgoblin
Aim: a hobgoblin, wielding a club (heavily wounded)
The zap hits the hobgoblin.
The hobgoblin is severely wounded.
You see here 6 stones.
Found a stone staircase leading down.
Casting: Shock
Confirm with . or Enter, or press ? or * to list all spells.
Aiming: Shock
Press: ? - help, Shift-Dir - straight line, f/p - hobgoblin
Aim: a hobgoblin, wielding a club (severely wounded)
The zap hits the hobgoblin.
The hobgoblin is almost dead.
Found 7 gold pieces.
The hobgoblin hits you with a club.
You die...

#..... #.# +..... #.#
#..... #.# #.###.....
#.# #.#....... # #.#
#.#.###### #.####.#
#.#.#.....
#....#.########.#.#.#.#.
#$..@......#.#.#.#.#.
#..g######.#.#.#.#.#.
#....................
#....###.#.#.#.#.#.#.
#....#.......#.#...#.
#....#####.###(#.#.#.
#>.........(...(.....
#..###########.#.#.#.
#... .)......#.#.#.


You could see a hobgoblin.

Vanquished Creatures
  A gnoll (D:1)
  A dart slug (D:1)
  A leopard gecko (D:1)
  A hobgoblin (D:1)
4 creatures vanquished.

Notes
Turn   | Place    | Note
-------+----------+-------------------------------------------
     0 | D:1      | Slime the Felid Air Elementalist began the quest for the Orb.
     0 | D:1      | Reached XP level 1. HP: 7/7 MP: 4/4
   101 | D:1      | Reached skill level 3 in Dodging
   101 | D:1      | Reached XP level 2. HP: 11/11 MP: 0/6
   129 | D:1      | Learned a level 2 spell: Swiftness
   182 | D:1      | Reached skill level 1 in Conjurations
   339 | D:1      | Slain by a hobgoblin

Skill      XL: |  1  2 |
---------------+-------+-----
Dodging        | 3 |  3.0
Conjurations   | 1 |  1.3
Stealth        | |  2.8
Spellcasting   | |  2.1
Air Magic      | |  2.9

Action                   || total
-------------------------++-------
 Cast: Shock             ||    21
Armor: Skin              ||     1
Dodge: Dodged            ||    17
